cohdb
Replays
Latest Replays
All Replays
Popular Replays
Top Player Replays
Match Explorer
How It Works
Community
CoH3 Stats
Reddit
Sign in to upload your games and track your stats! →
Sign in with Steam
Match 45945584
Unlisted
Match 45945584
Overview
Messages
Build Orders
End
Royal Engineer Section
Construct Section Command Post
Selects Australian Defense Battlegroup
Selects Australian Light Infantry Section
Australian Light Infantry Section
Construct Section Command Post
Dingo Light Scout Car
Infantry Section
ML 3-inch Mortar Team
Selects Defensive Tactics
Construct Platoon Command Post
Unlock M3 Stuart Light Tanks
M3 Stuart Light Tank
Vickers Machine Gun Team
Selects Hold the Line!
AI Takeover
DebaKLeTV
Ziggity
Angrybirds
Xufe
0
0
Comments
sign in to comment!
No comments posted yet!